[Event "Titled Tuesday Blitz May 4 2021"]
[White "Nakamura, Hikaru"]
[Black "Quesada Perez, Yuniesky"]
[WhiteFideId "2016192"]
[BlackFideId "3504409"]
[WhiteElo "2900"]
[BlackElo "2622"]
[Result "1-0"]
[Round "06"]
[TimeControl "180+1"]
[Date "2021.05.04"]
[WhiteClock "0:00:03"]
[BlackClock "0:00:02"]

1. Nf3 d5 2. e3 Nf6 3. b3 Bf5 4. Bb2 e6 5. Nh4 Bg6 6. Nxg6 hxg6 7. d3 Bd6 8. g3 Nbd7 9. Bg2 c6 10. Nd2 Qe7 11. a3 g5 12. Qe2 g4 13. c4 a5 14. d4 e5 15. cxd5 cxd5 16. h3 exd4 17. Bxd4 gxh3 18. Bxh3 Kf8 19. Kf1 Be5 20. Nf3 Bxd4 21. Nxd4 Qe4 22. f3 Qe7 23. Kg2 Ne5 24. Bf5 Rxh1 25. Rxh1 Kg8 26. Bb1 g6 27. a4 Nc6 28. Qd2 Re8 29. Kf2 Qc5 30. Rd1 Kg7 31. Ne2 Ne5 32. Qd4 Qc7 33. Rh1 Qc8 34. Nf4 Nc6 35. Qd2 d4 36. exd4 Qd8 37. d5 Qb6+ 38. Kg2 Nd4 39. Qf2 g5 40. Rd1 gxf4 41. Rxd4 Qxb3 42. Bc2 Qc3 43. Qd2 Qxd2+ 44. Rxd2 Rd8 45. Bb3 fxg3 46. Kxg3 Kf8 47. d6 Ne8 48. Rd5 b6 49. d7 Nf6 50. Rf5 Ke7 51. Re5+ Kf8 52. Rf5 Ke7 53. Re5+ Kf8 54. Kf4 Rxd7 55. Rb5 Rd6 56. Ke5 Ke7 57. Kf4 Nd7 58. Rf5 f6 59. Rh5 Rd4+ 60. Kf5 Nc5 61. Rh7+ Kd6 62. Bc2 Rc4 63. Bd1 Rc1 64. Be2 Rc2 65. Bb5 Rf2 66. f4 Ne6 67. Rh6 Rxf4+ 68. Kg6 Nd4 69. Be8 Ne6 70. Kf7 Nc5 71. Rh1 1-0


[Site "https://www.chess.com"]

[Event "Titled Tuesday Blitz May 4 2021"]
[White "Nastore, Pavel-Alexandru"]
[Black "Antonio, Jorge Carlos"]
[WhiteFideId "1255002"]
[BlackFideId "113190"]
[WhiteElo "1809"]
[BlackElo "2247"]
[Result "1/2-1/2"]
[Round "06"]
[TimeControl "180+1"]
[Date "2021.05.04"]
[WhiteClock "0:00:02"]
[BlackClock "0:00:09"]

1. e4 e5 2. Nf3 Nc6 3. Bb5 f5 4. Qe2 fxe4 5. Qxe4 Nf6 6. Qe2 Qe7 7. Bxc6 bxc6 8. Qxe5 Qxe5+ 9. Nxe5 Ba6 10. d3 Bd6 11. Nf3 O-O 12. O-O Ng4 13. h3 Ne5 14. Nxe5 Bxe5 15. Nc3 Rab8 16. Re1 Bd4 17. Re2 c5 18. a4 c4 19. dxc4 Bxc4 20. Rd2 Rf4 21. Nd1 Re8 22. c3 Re1+ 23. Kh2 Be5 24. g3 Rf3 25. Kg2 Rf8 26. Ne3 Be6 27. Nc2 Re4 28. Nd4 Bxd4 29. Rxd4 Rxd4 30. cxd4 Bd5+ 31. Kg1 c6 32. Be3 Rb8 33. Re1 Kf7 34. Bg5 Be6 35. Bc1 1/2-1/2


[Site "https://www.chess.com"]

[Event "Titled Tuesday Blitz May 4 2021"]
[White "Navalgund, Niranjan"]
[Black "Madaminov, Mukhiddin"]
[WhiteFideId "5030854"]
[BlackFideId "14210703"]
[WhiteElo "2290"]
[BlackElo "1747"]
[Result "0-1"]
[Round "06"]
[TimeControl "180+1"]
[Date "2021.05.04"]
[WhiteClock "0:01:29"]
[BlackClock "0:00:20"]

1. e4 e6 2. d3 d5 3. Nd2 Nf6 4. Ngf3 Nc6 5. g3 dxe4 6. dxe4 e5 7. Bg2 Bc5 8. O-O O-O 9. h3 a5 10. Kh2 b6 11. Nh4 Ba6 12. c4 Nd4 13. b3 Re8 14. f4 exf4 15. gxf4 Nxe4 16. Nxe4 Qxh4 17. Qg4 Qxg4 18. hxg4 Bb7 19. Nxc5 Bxg2 20. Kxg2 bxc5 21. Rf2 a4 22. Rb1 axb3 23. axb3 f5 24. gxf5 Nxf5 25. b4 cxb4 26. Rxb4 Reb8 27. Rfb2 Rxb4 28. Rxb4 Ra1 29. Bb2 Rb1 30. Kf3 Kf7 31. Ke4 Ke6 32. c5 h5 33. Rb8 g6 34. Re8+ Kf7 35. Rb8 h4 36. Rb7 Ke6 37. Kf3 h3 38. Rxc7 h2 39. Rh7 h1=Q+ 0-1


[Site "https://www.chess.com"]

[Event "Titled Tuesday Blitz May 4 2021"]
[White "Nazaretyan, Tigran"]
[Black "Shlyakhetsky, Vladimir"]
[WhiteFideId "24162345"]
[BlackFideId "2805928"]
[WhiteElo "2276"]
[BlackElo "2168"]
[Result "1-0"]
[Round "06"]
[TimeControl "180+1"]
[Date "2021.05.04"]
[WhiteClock "0:00:58"]
[BlackClock "0:00:14"]

1. d4 d5 2. c4 e6 3. Nf3 c6 4. Nbd2 f5 5. g3 Nf6 6. Bg2 Be7 7. O-O O-O 8. b3 Ne4 9. Bb2 Nd7 10. Ne1 Ndf6 11. Ndf3 Nd6 12. Nd3 dxc4 13. Nde5 cxb3 14. Qxb3 Nd5 15. a4 Qb6 16. Qc2 Nb4 17. Qb1 a5 18. Ra3 Nf7 19. Rb3 Nxe5 20. Nxe5 Qd8 21. Bc3 Nd5 22. Bd2 Bf6 23. e4 Ne7 24. Be3 Ng6 25. Rd1 Qe7 26. Nxg6 hxg6 27. e5 Bg5 28. f4 Bh6 29. h4 Rd8 30. Rc1 Rd7 31. Bf3 Qd8 32. Kg2 Kh7 33. Rc4 Ra6 34. Qb2 Ra8 35. Qa3 Qe7 36. Qxe7 Rxe7 37. Rc5 Rd7 38. Kf2 Ra6 39. Be2 Ra7 40. Kf3 Ra8 41. Bf2 Rd8 42. Rb6 Kg8 43. Ke3 Kf8 44. Be1 Ke8 45. Rxa5 Rxa5 46. Bxa5 Rd5 47. Bb4 Kd7 48. Bc4 1-0


[Site "https://www.chess.com"]

[Event "Titled Tuesday Blitz May 4 2021"]
[White "Necula, Iulian"]
[Black "Pasti, Aron"]
[WhiteFideId "1232380"]
[BlackFideId "785857"]
[WhiteElo "1776"]
[BlackElo "2082"]
[Result "1/2-1/2"]
[Round "06"]
[TimeControl "180+1"]
[Date "2021.05.04"]
[WhiteClock "0:00:56"]
[BlackClock "0:00:13"]

1. f4 d5 2. Nf3 Nf6 3. g3 Nc6 4. Bg2 Bf5 5. O-O e6 6. d3 Be7 7. c3 O-O 8. h3 Qd7 9. Nh4 Rfe8 10. Nd2 h6 11. e4 dxe4 12. dxe4 Bh7 13. Qe2 Bc5+ 14. Kh2 Rad8 15. b4 Bb6 16. a4 a6 17. a5 Ba7 18. Nc4 Qd3 19. Qxd3 Rxd3 20. e5 Nh5 21. Rf3 f6 22. Ra2 fxe5 23. Nxe5 Nxe5 24. fxe5 Rf8 25. Rd2 Rxd2 26. Bxd2 g5 27. Rxf8+ Kxf8 28. Nf3 Bf2 29. g4 Nf4 30. Bxf4 gxf4 31. g5 hxg5 32. Nxg5 Bf5 33. Ne4 Bxe4 34. Bxe4 Be1 35. Bxb7 Bxc3 36. Bxa6 Bxb4 37. Bc4 Bxa5 38. Bxe6 Bc3 1/2-1/2


[Site "https://www.chess.com"]

[Event "Titled Tuesday Blitz May 4 2021"]
[White "Nitin, S."]
[Black "Kubatko, Ivan"]
[WhiteFideId "5018277"]
[BlackFideId "24111473"]
[WhiteElo "2431"]
[BlackElo "2285"]
[Result "1-0"]
[Round "06"]
[TimeControl "180+1"]
[Date "2021.05.04"]
[WhiteClock "0:00:46"]
[BlackClock "0:00:01"]

1. e4 d5 2. exd5 Qxd5 3. Nc3 Qa5 4. d4 Nf6 5. Bd3 Nc6 6. Ne2 Bg4 7. f3 Bf5 8. Be3 O-O-O 9. O-O Nb4 10. Bxf5+ Qxf5 11. Rc1 Nbd5 12. Nxd5 Nxd5 13. Bf2 e6 14. c4 Nf6 15. Qa4 a6 16. b4 Qd3 17. Rfe1 Be7 18. b5 Qa3 19. Qc2 axb5 20. cxb5 Nd5 21. Nf4 Bd6 22. Nxd5 exd5 23. Bg3 Bxg3 24. hxg3 Qd6 25. a4 Rhe8 26. Rf1 Qxg3 27. a5 Re6 28. f4 Qe3+ 29. Rf2 Rd7 30. a6 bxa6 31. f5 Rb6 32. bxa6 Rxa6 33. Rb1 Qxd4 34. Qe2 Rb6 35. Rd1 Qc5 36. Ra1 Kb7 37. Qe8 1-0


[Site "https://www.chess.com"]

[Event "Titled Tuesday Blitz May 4 2021"]
[White "Noboa Silva, Kevin"]
[Black "Toncheva, Nadya"]
[WhiteFideId "3618471"]
[BlackFideId "2924056"]
[WhiteElo "2161"]
[BlackElo "1920"]
[Result "0-1"]
[Round "06"]
[TimeControl "180+1"]
[Date "2021.05.04"]
[WhiteClock "0:00:12"]
[BlackClock "0:00:04"]

1. e4 e5 2. Nf3 Nc6 3. d4 exd4 4. Nxd4 Nf6 5. Nxc6 bxc6 6. e5 Qe7 7. Qe2 Nd5 8. c4 Ba6 9. Nd2 g6 10. Ne4 Bg7 11. Bg5 Qb4+ 12. Kd1 O-O 13. Nf6+ Bxf6 14. exf6 Nxf6 15. Bxf6 Qd6+ 16. Qd2 Qxf6 17. Bd3 Rab8 18. Rb1 d5 19. Kc2 Bxc4 20. Bxc4 dxc4 21. Rhd1 Rbd8 22. Qe2 Qf5+ 23. Kc1 Rd3 24. Rxd3 cxd3 25. Qe3 Rd8 26. Kd1 d2 27. Ra1 Qh5+ 28. f3 Qxh2 29. Kc2 d1=Q+ 30. Rxd1 Qxg2+ 31. Kc1 Rxd1+ 32. Kxd1 Qxb2 33. Qxa7 Qb1+ 34. Ke2 Qc2+ 35. Kf1 Qd3+ 36. Kg2 Qd6 37. a4 h5 38. Kh3 g5 39. Qb8+ Kg7 40. Qb2+ f6 41. Qg2 h4 42. a5 c5 43. Qg1 c4 44. Kg4 Qe6+ 45. Kh5 c3 46. Qd1 Qf7+ 47. Kg4 Kg6 48. Kh3 Qe6+ 49. Kg2 h3+ 50. Kf2 Qc4 51. Qc2+ Kh6 52. Kg3 Qf4+ 53. Kxh3 Qd2 54. Qxd2 cxd2 55. a6 d1=Q 56. a7 Qa4 57. Kh2 Qxa7 58. Kg3 Qe3 59. Kg4 Kg6 60. Kh3 Qxf3+ 61. Kh2 Kf5 62. Kg1 Kf4 63. Kh2 Qg4 64. Kh1 Kf3 65. Kh2 Qg2# 0-1


[Site "https://www.chess.com"]

[Event "Titled Tuesday Blitz May 4 2021"]
[White "Obsivac, Josef"]
[Black "Radu, David Cr."]
[WhiteFideId "303690"]
[BlackFideId "1265717"]
[WhiteElo "2199"]
[BlackElo "1596"]
[Result "0-1"]
[Round "06"]
[TimeControl "180+1"]
[Date "2021.05.04"]
[WhiteClock "0:00:01"]
[BlackClock "0:00:14"]

1. d4 d5 2. c4 e6 3. Nc3 a6 4. cxd5 exd5 5. Nf3 c6 6. Bg5 Nf6 7. Qc2 Bd6 8. e3 O-O 9. Bd3 Re8 10. Bxh7+ Kh8 11. Bd3 Nbd7 12. O-O Be7 13. Rad1 Ne4 14. Bf4 f5 15. Ne5 Nxe5 16. Bxe5 Bd6 17. f3 Nxc3 18. Qxc3 Bxe5 19. dxe5 Qb6 20. Qd4 Qc7 21. f4 Be6 22. Qc3 c5 23. Qe1 Qb6 24. Qh4+ Kg8 25. Rf3 c4 26. Bb1 Qxb2 27. Rh3 Kf7 28. Qh5+ Ke7 29. Qg5+ Kd7 30. Bxf5 c3 31. Rxd5+ Kc6 32. Rd6+ Kc5 33. Be4 c2 34. Bxc2 Qxc2 35. Rf3 Qc1+ 36. Kf2 Qc2+ 37. Kg3 Qf5 38. Qxf5 Bxf5 39. Rf2 Re6 40. Rd4 Rg6+ 41. Kf3 Bg4+ 42. Ke4 Rf8 43. Rc2+ Kb6 44. Rb2+ Ka7 45. Rdb4 b5 46. a4 Bf5+ 47. Kf3 Bd7 48. axb5 Bxb5 49. Rd4 Kb6 0-1


[Site "https://www.chess.com"]

[Event "Titled Tuesday Blitz May 4 2021"]
[White "Ognean, Mihnea-Ionut"]
[Black "Wagner, Dennis"]
[WhiteFideId "1232347"]
[BlackFideId "24650684"]
[WhiteElo "2012"]
[BlackElo "2355"]
[Result "1-0"]
[Round "06"]
[TimeControl "180+1"]
[Date "2021.05.04"]
[WhiteClock "0:00:21"]
[BlackClock "0:00:08"]

1. e4 e5 2. Nf3 Nc6 3. Bc4 Bc5 4. c3 Nf6 5. d3 O-O 6. O-O d5 7. exd5 Nxd5 8. a4 a5 9. Re1 Bg4 10. Nbd2 Nb6 11. h3 Nxc4 12. hxg4 Nxd2 13. Qxd2 Re8 14. Qe2 Qd7 15. Ng5 h6 16. Ne4 Bf8 17. Bxh6 Rad8 18. Rad1 Ne7 19. Bg5 Qxa4 20. Qf3 Qc6 21. Re3 f6 22. Bxf6 gxf6 23. Nxf6+ Kf7 24. Ne4+ Kg7 25. g5 Nd5 26. Nf6 Nxf6 27. gxf6+ Qxf6 28. Qh3 Bc5 29. Rg3+ Kf7 30. d4 exd4 31. Qh7+ Ke6 32. Rg6 dxc3 33. Rxf6+ Kxf6 34. Qh6+ Kf7 35. Qh5+ Kf6 36. Rxd8 Rxd8 37. Qxc5 cxb2 38. Qc3+ Kf7 39. Qxb2 b6 40. g4 Rd6 41. Kg2 a4 42. Kg3 c5 43. f4 Rd3+ 44. Kh4 Rb3 45. Qe5 a3 46. Qd5+ Kg7 47. Qxb3 a2 48. Qxa2 c4 49. Qxc4 b5 50. Qc7+ Kh6 51. f5 1-0


[Site "https://www.chess.com"]

[Event "Titled Tuesday Blitz May 4 2021"]
[White "Ohanyan, Emin"]
[Black "elohunter1999"]
[WhiteFideId "13312022"]
[WhiteElo "1648"]
[BlackElo "2506"]
[Result "0-1"]
[Round "06"]
[TimeControl "180+1"]
[Date "2021.05.04"]
[WhiteClock "0:00:41"]
[BlackClock "0:01:01"]

1. e4 d6 2. d4 Nf6 3. Nc3 e5 4. Nf3 Nbd7 5. Bc4 Be7 6. g4 exd4 7. Nxd4 Ne5 8. Bb5+ c6 9. g5 Nfg4 10. Be2 Bxg5 11. f4 Bh4+ 12. Kf1 Nf2 13. Qd2 Bh3+ 14. Kg1 Qf6 15. fxe5 Qg6+ 16. Qg5 Bxg5 17. Kxf2 Bh4+ 18. Ke3 dxe5 19. Nf3 Qh6+ 20. Kd3 O-O-O 21. Kc4 Qe6+ 22. Kb4 Be7+ 23. Ka4 b5+ 24. Ka5 Qd6 0-1


[Site "https://www.chess.com"]

[Event "Titled Tuesday Blitz May 4 2021"]
[White "Oliveira, Silvio Eduardo"]
[Black "Vasquez Schroeder, Rodrigo"]
[WhiteFideId "2111560"]
[BlackFideId "3400042"]
[WhiteElo "2302"]
[BlackElo "2572"]
[Result "1-0"]
[Round "06"]
[TimeControl "180+1"]
[Date "2021.05.04"]
[WhiteClock "0:01:00"]
[BlackClock "0:00:47"]

1. e4 c5 2. Nf3 d6 3. d4 cxd4 4. Nxd4 Nf6 5. Nc3 a6 6. f3 e5 7. Nb3 Be6 8. Be3 h5 9. Nd5 Bxd5 10. exd5 Nbd7 11. Qd2 a5 12. a4 g6 13. Bb5 Bg7 14. O-O-O O-O 15. Kb1 Nb6 16. c4 Qc7 17. Qf2 Nfd7 18. c5 dxc5 19. d6 Qc8 20. Nxc5 Rd8 21. Rc1 Qb8 22. Rhd1 Nxc5 23. Bxc5 Nd7 24. Ba3 b6 25. Rc7 Ra7 26. Qc2 Nc5 27. Bxc5 bxc5 28. Qxc5 Rb7 29. Rc1 Rf8 30. Qd5 Rxc7 31. dxc7 Qc8 32. Bd7 Qa6 33. c8=Q 1-0


[Site "https://www.chess.com"]

[Event "Titled Tuesday Blitz May 4 2021"]
[White "Omk124"]
[Black "tylityli"]
[WhiteElo "2595"]
[BlackElo "2327"]
[Result "1-0"]
[Round "06"]
[TimeControl "180+1"]
[Date "2021.05.04"]
[WhiteClock "0:00:33"]
[BlackClock "0:00:01"]

1. e4 e5 2. Nf3 Nc6 3. Bc4 Nf6 4. d3 Be7 5. O-O O-O 6. Re1 d6 7. a4 Bg4 8. h3 Bh5 9. c3 d5 10. exd5 Nxd5 11. Nbd2 Nb6 12. Bb5 f6 13. a5 Nd5 14. Qa4 Nf4 15. d4 a6 16. Bxc6 bxc6 17. dxe5 Nd3 18. Re3 fxe5 19. Qc4+ Qd5 20. Qxd3 Bxf3 21. Rxf3 Rxf3 22. Qxd5+ cxd5 23. Nxf3 e4 24. Nd4 c5 25. Nc2 Rb8 26. b4 d4 27. cxd4 cxb4 28. Bf4 Rb5 29. Ne3 b3 30. Rb1 b2 31. Nc4 Rb4 32. Ne3 Bf6 33. Nd5 Rb5 34. Nxf6+ gxf6 35. Kf1 Kf7 36. Ke2 Ke6 37. Kd2 Kd5 38. Be3 f5 39. Kc2 Rxa5 40. Rxb2 Ra3 41. Rb6 Ra2+ 42. Kb3 1-0


[Site "https://www.chess.com"]

[Event "Titled Tuesday Blitz May 4 2021"]
[White "Onufrienko, Vladislav"]
[Black "Song, Michael"]
[WhiteFideId "13804332"]
[BlackFideId "2613190"]
[WhiteElo "1661"]
[BlackElo "2274"]
[Result "0-1"]
[Round "06"]
[TimeControl "180+1"]
[Date "2021.05.04"]
[WhiteClock "0:00:01"]
[BlackClock "0:00:05"]

1. e4 e5 2. Nf3 Nc6 3. Bc4 Bc5 4. b4 Bxb4 5. c3 Ba5 6. d4 exd4 7. O-O Nf6 8. cxd4 Nxe4 9. d5 Ne7 10. Qd4 Nf6 11. Bg5 Ng6 12. Nc3 Bxc3 13. Rfe1+ Bxe1 14. Rxe1+ Kf8 15. d6 h6 16. dxc7 Qxc7 17. Bxf6 gxf6 18. Qxf6 Qxc4 19. Ne5 Nxe5 20. Qxh8+ Ke7 21. Qxe5+ Kd8 22. Qd6 Qc6 23. Qf8+ Kc7 24. Qxf7 b6 25. Qf4+ Kb7 26. Rc1 Qd5 27. Rc7+ Ka6 28. Qc1 Qd6 29. Qc4+ b5 30. Qc2 Kb6 0-1


[Site "https://www.chess.com"]

[Event "Titled Tuesday Blitz May 4 2021"]
[White "Paiva, Henrique M A Albergaria"]
[Black "Escalante Ramirez, Brian Sebasti"]
[WhiteFideId "1920995"]
[BlackFideId "3819566"]
[WhiteElo "2055"]
[BlackElo "2193"]
[Result "1-0"]
[Round "06"]
[TimeControl "180+1"]
[Date "2021.05.04"]
[WhiteClock "0:01:38"]
[BlackClock "0:01:12"]

1. e4 e6 2. d4 d5 3. e5 c5 4. c3 Nc6 5. Nf3 Bd7 6. Bd3 cxd4 7. cxd4 Qb6 8. O-O Nxd4 9. Nbd2 Bc5 10. b4 Qxb4 11. Rb1 Nxf3+ 12. Nxf3 Qa4 13. Bc2 Qc6 14. Ng5 Nh6 15. Qh5 Bd4 16. Bd3 Bxe5 17. Nf3 Bc3 18. Bxh6 gxh6 19. Rfc1 Rc8 20. Ne5 Bxe5 21. Rxc6 Bxc6 22. Qxe5 1-0


[Site "https://www.chess.com"]

[Event "Titled Tuesday Blitz May 4 2021"]
[White "Pantzar, Milton"]
[Black "Shapkin, Anatoliy"]
[WhiteFideId "1721003"]
[BlackFideId "34108332"]
[WhiteElo "2323"]
[BlackElo "2221"]
[Result "1-0"]
[Round "06"]
[TimeControl "180+1"]
[Date "2021.05.04"]
[WhiteClock "0:00:10"]
[BlackClock "0:00:06"]

1. c4 c5 2. Nc3 Nc6 3. g3 Nf6 4. Bg2 g6 5. e3 Bg7 6. Nge2 O-O 7. O-O e6 8. d4 cxd4 9. exd4 d5 10. cxd5 Nxd5 11. Nxd5 exd5 12. Be3 Be6 13. Qd2 Re8 14. Rfd1 Qa5 15. Qxa5 Nxa5 16. b3 Nc6 17. Nf4 Rac8 18. Nxd5 Red8 19. Nf4 Nxd4 20. Nxe6 Nxe6 21. Rxd8+ Rxd8 22. Rc1 b6 23. h4 Bd4 24. Bxd4 Rxd4 25. Rc2 Nc5 26. Bf3 a5 27. Kf1 Kf8 28. Ke2 a4 29. bxa4 Rxa4 30. Bd5 Rb4 31. Rd2 Ke7 32. Kf3 f6 33. Bg8 h6 34. Bh7 g5 35. hxg5 hxg5 36. Bf5 Ra4 37. Rb2 Ra6 38. Bc8 Ra8 39. Bf5 Ra6 40. Bc8 Ra3+ 41. Kg2 Nd3 42. Re2+ Kd8 43. Bf5 Ne5 44. Rb2 Kc7 45. Rc2+ Kd6 46. Rd2+ Kc5 47. Re2 b5 48. Be6 Rc3 49. Rd2 b4 50. Rd8 Kb6 51. Rf8 Rc2 52. Rxf6 Kc5 53. Rf5 Kb5 54. Rxe5+ Kb6 55. Bb3 Rd2 56. Rxg5 Rb2 57. Rf5 Rd2 58. g4 Rd4 59. Kg3 Rd3+ 60. f3 Rd2 61. g5 Kc6 62. g6 Kd6 63. g7 Rd1 64. Rg5 Rg1+ 65. Kf4 Rc1 1-0


[Site "https://www.chess.com"]

[Event "Titled Tuesday Blitz May 4 2021"]
[White "PattyCastillo"]
[Black "Smith, Shreyas"]
[BlackFideId "7400713"]
[WhiteElo "2018"]
[BlackElo "2129"]
[Result "0-1"]
[Round "06"]
[TimeControl "180+1"]
[Date "2021.05.04"]
[WhiteClock "0:00:02"]
[BlackClock "0:00:31"]

1. d4 Nf6 2. Nf3 e6 3. e3 c5 4. Bd3 b6 5. O-O Nc6 6. b3 Bb7 7. Bb2 cxd4 8. exd4 d6 9. Nbd2 Be7 10. c4 O-O 11. a3 d5 12. Qe2 Rc8 13. Rac1 dxc4 14. bxc4 Qd6 15. Rfd1 Qf4 16. g3 Qg4 17. Qe3 Rfd8 18. Ne4 Nxe4 19. Qxe4 Qxe4 20. Bxe4 Na5 21. Bxb7 Nxb7 22. Ne5 Na5 23. d5 f6 24. Nc6 Nxc6 25. dxc6 Rxc6 26. Rxd8+ Bxd8 27. Rd1 Bc7 28. Rd7 Rxc4 29. Kg2 a5 30. Bd4 b5 31. Be3 b4 32. axb4 axb4 33. Rd1 Be5 34. Rb1 Bc3 35. Kf3 Kf7 36. Ke2 Rc6 37. Kd3 e5 38. h4 Ke6 39. Bd2 f5 40. Bxc3 bxc3 41. Rc1 c2 42. Rxc2 Rxc2 43. Kxc2 Kd5 44. Kd3 e4+ 45. Ke3 Ke5 46. f4+ exf3 47. Kxf3 g6 48. g4 f4 49. g5 Kf5 50. Kf2 Kg4 51. Kg2 Kxh4 0-1


[Site "https://www.chess.com"]

[Event "Titled Tuesday Blitz May 4 2021"]
[White "Peralta, Eduardo"]
[Black "Spencenzug"]
[WhiteFideId "3700062"]
[WhiteElo "2205"]
[BlackElo "2309"]
[Result "1-0"]
[Round "06"]
[TimeControl "180+1"]
[Date "2021.05.04"]
[WhiteClock "0:00:03"]
[BlackClock "0:00:05"]

1. d4 Nf6 2. c4 e6 3. Nf3 b6 4. g3 Bb7 5. Bg2 Be7 6. d5 O-O 7. O-O a5 8. Nc3 Na6 9. e4 exd5 10. exd5 Nc5 11. Re1 h6 12. Nh4 Re8 13. Be3 Bf8 14. Nf5 d6 15. Qc2 Bc8 16. Re2 Ng4 17. Nd4 Nxe3 18. Rxe3 Rxe3 19. fxe3 Bd7 20. Rf1 Qg5 21. Qf2 Qg6 22. e4 Nd3 23. Qe3 Ne5 24. Nf5 Nxc4 25. Qe2 Ne5 26. Nb5 Bxb5 27. Qxb5 Qg5 28. Qe2 Re8 29. Qc2 Rc8 30. h4 Qg4 31. Kh2 Qg6 32. Bh3 Ng4+ 33. Kh1 h5 34. Rf4 Kh7 35. Bxg4 hxg4 36. Qe2 Qf6 37. Qxg4 Qxb2 38. Nxg7 Bxg7 39. Qxc8 Qb1+ 40. Kg2 Qxa2+ 41. Kh3 Qa1 42. Qf5+ Kh8 43. Qh5+ Kg8 44. Qxf7+ Kh7 45. Qh5+ Kg8 46. Qf3 Qe5 47. Rf5 Qa1 48. h5 Qc1 49. Rf7 a4 50. Rd7 Kh8 51. Rd8+ Kh7 52. Qf5+ 1-0


[Site "https://www.chess.com"]

[Event "Titled Tuesday Blitz May 4 2021"]
[White "Perez Gormaz, Matias"]
[Black "TigrVShlyape"]
[WhiteFideId "3406342"]
[WhiteElo "2414"]
[BlackElo "2824"]
[Result "1/2-1/2"]
[Round "06"]
[TimeControl "180+1"]
[Date "2021.05.04"]
[WhiteClock "0:00:16"]
[BlackClock "0:00:19"]

1. e4 e5 2. Nf3 Nc6 3. Bc4 Nf6 4. d3 h6 5. O-O d6 6. c3 g6 7. a4 Bg7 8. Re1 O-O 9. a5 a6 10. Nbd2 Kh7 11. h3 Be6 12. Bxe6 fxe6 13. b4 Nh5 14. Nf1 Qd7 15. N1h2 Rf7 16. Be3 Raf8 17. Qd2 Nf4 18. h4 Ne7 19. g3 Nh5 20. Kg2 Nc6 21. Rad1 d5 22. Bc5 Re8 23. Ng4 Qd8 24. Be3 dxe4 25. dxe4 Qxd2 26. Nxd2 Nf6 27. Nxf6+ Bxf6 28. Nb3 Be7 29. Rd7 Rc8 30. Nc5 Nb8 31. Rd2 Bxc5 32. Bxc5 Nd7 33. Be3 Nf6 34. f3 Ne8 35. Red1 Nf6 36. Bc5 g5 37. hxg5 hxg5 38. g4 Kg6 39. Bf2 Ne8 40. Bg3 Kf6 41. Rh1 Re7 42. Rh6+ Kg7 43. Rh5 Kf6 44. Rh8 Nd6 45. Rxc8 Nxc8 46. Rd8 Nd6 47. Rf8+ Rf7 48. Rb8 Rd7 49. Bf2 c6 50. Bc5 Nc4 51. Rf8+ Kg6 52. Re8 Kf7 53. Rf8+ Kg6 54. Re8 Kf7 55. Rf8+ Kg7 56. Re8 Kf6 57. Rf8+ Kg7 58. Re8 Kf7 1/2-1/2


[Site "https://www.chess.com"]

[Event "Titled Tuesday Blitz May 4 2021"]
[White "Perez Rodriguez, Jennifer"]
[Black "Komiagina, Maria"]
[WhiteFideId "3507831"]
[BlackFideId "4153987"]
[WhiteElo "2170"]
[BlackElo "2014"]
[Result "1-0"]
[Round "06"]
[TimeControl "180+1"]
[Date "2021.05.04"]
[WhiteClock "0:00:39"]
[BlackClock "0:00:01"]

1. e4 c5 2. c3 e6 3. d4 b6 4. Bd3 Bb7 5. Qe2 d6 6. Nf3 Nd7 7. O-O Be7 8. Re1 Ngf6 9. Nbd2 h6 10. Nf1 e5 11. Ng3 g6 12. a4 a6 13. Bc4 Kf8 14. Bd2 Kg7 15. Rad1 Qc7 16. Bc1 h5 17. Ng5 h4 18. Bxf7 Nf8 19. Nf1 h3 20. g3 Bc8 21. dxe5 dxe5 22. Ne3 Bb7 23. Nd5 Bxd5 24. exd5 Bd6 25. Be6 Rh5 26. Bxh3 Qe7 27. Be6 N6h7 28. h4 Nxg5 29. Bxg5 Rxg5 30. hxg5 Qxg5 31. Qg4 Qf6 32. Rd3 Ra7 33. Rf3 Qd8 34. Kg2 Re7 35. Rh1 Qa8 36. Qh4 Nxe6 37. Qh6+ Kg8 38. Qh8# 1-0


[Site "https://www.chess.com"]

[Event "Titled Tuesday Blitz May 4 2021"]
[White "Pesotskiy, Mikhail"]
[Black "volunteers1998"]
[WhiteFideId "34164453"]
[WhiteElo "2052"]
[BlackElo "2220"]
[Result "0-1"]
[Round "06"]
[TimeControl "180+1"]
[Date "2021.05.04"]
[WhiteClock "0:02:11"]
[BlackClock "0:02:00"]

1. d4 f5 2. c4 Nf6 3. Nc3 g6 4. e4 Nxe4 5. Nxe4 fxe4 6. f3 e6 7. Bf4 Bb4+ 8. Bd2 Qe7 9. a3 Bxd2+ 10. Qxd2 O-O 11. O-O-O Nc6 12. fxe4 e5 13. d5 Nd4 14. Ne2 Nb3+ 0-1


[Site "https://www.chess.com"]

[Event "Titled Tuesday Blitz May 4 2021"]
[White "Piccoli, Lucas Fonseca"]
[Black "Lomaia, Diana"]
[WhiteFideId "2190788"]
[BlackFideId "13612476"]
[WhiteElo "1776"]
[BlackElo "1742"]
[Result "0-1"]
[Round "06"]
[TimeControl "180+1"]
[Date "2021.05.04"]
[WhiteClock "0:00:50"]
[BlackClock "0:00:54"]

1. c4 e5 2. Nc3 Nf6 3. Nf3 Nc6 4. e3 Bb4 5. Qc2 O-O 6. Nd5 Re8 7. Ng5 e4 8. Nxb4 Nxb4 9. Qc3 Nc6 10. b4 d5 11. b5 d4 12. exd4 Nxd4 13. Bb2 Nf5 14. O-O-O h6 15. Nh3 a6 16. g4 Nd6 17. g5 hxg5 18. Nxg5 axb5 19. Rg1 b4 20. Qg3 Nf5 21. Qh3 Nd4 22. Qe3 c5 23. Kb1 Qa5 24. a3 bxa3 25. Bc3 a2+ 26. Ka1 Nc2+ 27. Kb2 Nxe3 28. fxe3 0-1


[Site "https://www.chess.com"]

[Event "Titled Tuesday Blitz May 4 2021"]
[White "Piesik, Piotr"]
[Black "Lagunow, Raphael"]
[WhiteFideId "1136194"]
[BlackFideId "24652644"]
[WhiteElo "2369"]
[BlackElo "2400"]
[Result "1-0"]
[Round "06"]
[TimeControl "180+1"]
[Date "2021.05.04"]
[WhiteClock "0:01:43"]
[BlackClock "0:00:54"]

1. Nf3 d5 2. g3 Nd7 3. Bg2 e5 4. d3 Ngf6 5. O-O Bd6 6. Nbd2 O-O 7. e4 c6 8. Qe2 Re8 9. Nb3 a5 10. a4 b6 11. Bg5 h6 12. Bd2 dxe4 13. dxe4 Ba6 14. c4 Qe7 15. Rfd1 Qe6 16. Rac1 Red8 17. Nh4 Nc5 18. Nxc5 Bxc5 19. Nf5 Bf8 20. b3 Kh7 21. Be3 Bc5 22. Bxc5 bxc5 23. Qe3 Rd4 24. Nxd4 cxd4 25. Qd2 c5 26. Qxa5 Qc6 27. b4 Bxc4 28. Qxc5 Qxc5 29. bxc5 Rxa4 30. c6 Ne8 31. Bf1 Bxf1 32. Kxf1 Nc7 33. Rc5 f6 34. Rb1 Ra8 35. Rb7 Ne6 36. Rc1 d3 37. Rd7 Nd4 38. c7 Rc8 39. Rxd4 exd4 40. Ke1 Kg6 41. Kd2 Kf7 42. Kxd3 Ke6 43. Kxd4 Kd6 44. f4 Rxc7 45. Rxc7 Kxc7 46. Kd5 Kd7 47. e5 fxe5 48. fxe5 Ke7 49. g4 g6 50. h4 1-0


[Site "https://www.chess.com"]

[Event "Titled Tuesday Blitz May 4 2021"]
[White "Podetti, Davide"]
[Black "Dogan, Mire Deniz"]
[WhiteFideId "893617"]
[BlackFideId "6317456"]
[WhiteElo "2131"]
[BlackElo "1850"]
[Result "1-0"]
[Round "06"]
[TimeControl "180+1"]
[Date "2021.05.04"]
[WhiteClock "0:00:51"]
[BlackClock "0:00:08"]

1. e4 e6 2. d4 d5 3. Nc3 dxe4 4. Nxe4 Nd7 5. g3 Ngf6 6. Nxf6+ Nxf6 7. Bg2 c5 8. Ne2 cxd4 9. Nxd4 Bc5 10. Nb3 Qxd1+ 11. Kxd1 Bxf2 12. Ke2 Bb6 13. a4 Bc7 14. Be3 Nd5 15. Bd4 O-O 16. Rad1 b6 17. Kd2 Ba6 18. Rhe1 Rad8 19. Kc1 Rfe8 20. c3 Bc4 21. Nd2 Bd3 22. Nb3 Bg6 23. Bg1 Nf6 24. Nd4 e5 25. Nc6 Rxd1+ 26. Rxd1 h5 27. Nxa7 e4 28. Nb5 Be5 29. Bxb6 h4 30. gxh4 Bf4+ 31. Kb1 e3+ 32. Ka2 e2 33. Re1 Bd2 34. Bf2 Ng4 35. Bf3 Bxe1 36. Bxe1 Nxh2 37. Bg2 Be4 38. Bxe4 Rxe4 39. Nd4 Nf3 40. Nxf3 Rf4 41. Nd4 Rf1 42. Nc2 f5 43. a5 Rg1 44. a6 Rg6 45. Nb4 Re6 46. Kb3 f4 47. Kc4 f3 48. a7 Re8 49. Kb5 Kh7 50. c4 Kh6 51. c5 Kh5 52. c6 Kg4 53. c7 Kh3 54. Nd3 Kg2 55. Kc6 Re3 56. c8=Q Rxd3 57. a8=Q Kf1 58. Qa1 Rd1 59. Qh3+ Kxe1 60. Qa5+ Kf2 61. Qc5+ Ke1 62. Qxf3 g5 63. Qcf2+ Kd2 64. Q2xe2+ Kc1 65. Qxd1+ Kxb2 66. Qfb3# 1-0


[Site "https://www.chess.com"]